TOP OF THE 1ST |
Coastal Carolina University Chanticleers batting - Pitching for Mississippi State University Bulldogs : LHP Josh Doyle
|
Pitching: LHP Josh Doyle
|
|
Batting: RHB Ferri Casteleijn
|
0-0: Called Strike 0-1: Ball 1-1: Foul Ball, location: 2F 1-2: Ball 2-2: Ball 3-2: Base on Balls
|
Batting: RHB Rene Napoles
|
0-0: Called Strike 0-1: Called Strike 0-2: Strikes out looking
|
Batting: LHB Orlando Hurtado
|
0-0: Reached on error, E3 (Groundball, 3, EV 84.4 MPH) Ferri Casteleijn to second
|
Batting: RHB Isaac Washington
|
0-0: Fly out, F7 (Flyball, 78S, EV 89.4 MPH)
|
Batting: RHB Alex Montiel
|
0-0: Ball 1-0: Ball 2-0: Called Strike 2-1: Foul Ball, location: 2F 2-2: Fly out, F9 (Flyball, 9S, EV 92.5 MPH)
|
Top of the 1st over - 0 runs, 0 hits, 1 error, 2 left on base; Coastal Carolina University 0 - Mississippi State University 0 |
BOTTOM OF THE 1ST |
Mississippi State University Bulldogs batting - Pitching for Coastal Carolina University Chanticleers : LHP Rocco Calvocoressi
|
Pitching: LHP Rocco Calvocoressi
|
|
Batting: RHB Alexis Gallegos
|
0-0: Ball 1-0: Called Strike 1-1: Foul Ball, location: 2F 1-2: Ball 2-2: Strikes out swinging
|
Batting: RHB Masahito Sunada
|
0-0: Ball 1-0: Fly out, F8 (Flyball, 78S, EV 91.9 MPH)
|
Batting: RHB Benito Gonzales
|
0-0: Fly out, F8 (Flyball, 89M, EV 93.8 MPH)
|
Bottom of the 1st over - 0 runs, 0 hits, 0 errors, 0 left on base; Coastal Carolina University 0 - Mississippi State University 0 |
TOP OF THE 2ND |
Coastal Carolina University Chanticleers batting - Pitching for Mississippi State University Bulldogs : LHP Josh Doyle
|
Batting: RHB Dennis Bennett
|
0-0: Ball 1-0: Ball 2-0: Ball 3-0: Base on Balls
|
Batting: RHB Chris McDaniel
|
0-0: SINGLE (Line Drive, 9S, EV 86.9 MPH) Dennis Bennett to second Runner from 2nd tries for 3rd, OUT! 9-5
|
Batting: LHB Justin Sanders
|
0-0: Fielders Choice at 2nd, 4-6 (Groundball, 34S, EV 86.2 MPH)
|
Batting: RHB Fernando Tovar
|
0-0: Ball 1-0: Ball 2-0: Called Strike 2-1: Foul Ball, location: 2F 2-2: Ground out 5-3 (Groundball, 56, EV 98.1 MPH)
|
Top of the 2nd over - 0 runs, 1 hit, 0 errors, 1 left on base; Coastal Carolina University 0 - Mississippi State University 0 |
BOTTOM OF THE 2ND |
Mississippi State University Bulldogs batting - Pitching for Coastal Carolina University Chanticleers : LHP Rocco Calvocoressi
|
Batting: RHB Karl Lukasiewicz
|
0-0: Called Strike 0-1: Foul Ball, location: 2F 0-2: Strikes out swinging
|
Batting: RHB Josh Simmons
|
0-0: Called Strike 0-1: Ground out U3 (Groundball, 3L, EV 93.8 MPH)
|
Batting: LHB Ricardo Ramos
|
0-0: Called Strike 0-1: Ball 1-1: Ball 2-1: Foul Ball, location: 2F 2-2: Strikes out swinging
|
Bottom of the 2nd over - 0 runs, 0 hits, 0 errors, 0 left on base; Coastal Carolina University 0 - Mississippi State University 0 |
TOP OF THE 3RD |
Coastal Carolina University Chanticleers batting - Pitching for Mississippi State University Bulldogs : LHP Josh Doyle
|
Batting: RHB Ferri Casteleijn
|
0-0: Foul Ball, location: 2F 0-1: Foul Ball, location: 2F 0-2: Foul Ball, location: 2F 0-2: Foul Ball, location: 2F 0-2: Foul Ball, location: 2F 0-2: Ball 1-2: Strikes out swinging
|
Batting: RHB Rene Napoles
|
0-0: Ball 1-0: Fly out, F7 (Flyball, 7D, EV 91.2 MPH)
|
Batting: LHB Orlando Hurtado
|
0-0: Called Strike 0-1: Ball 1-1: Called Strike 1-2: Ground out 6-3 (Groundball, 6, EV 76.9 MPH)
|
Top of the 3rd over - 0 runs, 0 hits, 0 errors, 0 left on base; Coastal Carolina University 0 - Mississippi State University 0 |
BOTTOM OF THE 3RD |
Mississippi State University Bulldogs batting - Pitching for Coastal Carolina University Chanticleers : LHP Rocco Calvocoressi
|
Batting: RHB Logan Strassburg
|
0-0: Swinging Strike 0-1: Ball 1-1: Ball 2-1: Ball 3-1: Base on Balls
|
Batting: LHB Vinnie Kalman
|
0-0: Ball 1-0: Ball 2-0: Ball 3-0: Base on Balls Logan Strassburg to second
|
Batting: RHB Eric Riley
|
0-0: Ball 1-0: Ball 2-0: Ball 3-0: Called Strike 3-1: Called Strike 3-2: Strikes out looking
|
Batting: RHB Alexis Gallegos
|
0-0: Ball 1-0: Ball 2-0: Ball 3-0: Foul Ball, location: 2F 3-1: SINGLE (Groundball, 6D, EV 95.0 MPH) Logan Strassburg to third Vinnie Kalman to second Runner from 3rd tries for Home, SAFE, throw by CF to home
|
Batting: RHB Masahito Sunada
|
0-0: Ball 1-0: Ball 2-0: Fly out, F7 (Flyball, 78S, EV 87.5 MPH)
|
Batting: RHB Benito Gonzales
|
0-0: SINGLE (Line Drive, 9S, EV 93.1 MPH) Vinnie Kalman to third Alexis Gallegos to second
|
Batting: RHB Karl Lukasiewicz
|
0-0: Ball 1-0: Called Strike 1-1: Foul Ball, location: 2F 1-2: Ball 2-2: Ball 3-2: Strikes out looking
|
Bottom of the 3rd over - 1 run, 2 hits, 0 errors, 3 left on base; Coastal Carolina University 0 - Mississippi State University 1 |
TOP OF THE 4TH |
Coastal Carolina University Chanticleers batting - Pitching for Mississippi State University Bulldogs : LHP Josh Doyle
|
Batting: RHB Isaac Washington
|
0-0: Called Strike 0-1: Ball 1-1: Fly out, F8 (Line Drive, 8LM, EV 98.8 MPH)
|
Batting: RHB Alex Montiel
|
0-0: Ball 1-0: Swinging Strike 1-1: SINGLE (Groundball, 34S, EV 71.9 MPH) (infield hit)
|
Batting: RHB Dennis Bennett
|
0-0: Called Strike 0-1: Called Strike 0-2: Strikes out looking
|
Batting: RHB Chris McDaniel
|
0-0: Ball 1-0: Swinging Strike 1-1: Swinging Strike 1-2: Foul Ball, location: 2F 1-2: Strikes out swinging
|
Top of the 4th over - 0 runs, 1 hit, 0 errors, 1 left on base; Coastal Carolina University 0 - Mississippi State University 1 |
BOTTOM OF THE 4TH |
Mississippi State University Bulldogs batting - Pitching for Coastal Carolina University Chanticleers : LHP Rocco Calvocoressi
|
Batting: RHB Josh Simmons
|
0-0: Called Strike 0-1: Ball 1-1: Ball 2-1: Ball 3-1: Base on Balls
|
Batting: LHB Ricardo Ramos
|
0-0: Ball 1-0: Called Strike 1-1: Called Strike 1-2: Strikes out looking
|
Batting: RHB Logan Strassburg
|
0-0: Called Strike 0-1: Ball 1-1: Called Strike 1-2: Ball 2-2: Ball 3-2: SINGLE (Line Drive, 89M, EV 98.1 MPH) Josh Simmons to second
|
Batting: LHB Vinnie Kalman
|
0-0: Called Strike 0-1: Foul Ball, location: 2F 0-2: SINGLE (Line Drive, 9S, EV 105.6 MPH) Josh Simmons to third Logan Strassburg to second
|
Batting: RHB Eric Riley
|
0-0: Fly out, F8 (Line Drive, 8RM, EV 97.5 MPH)
|
Batting: RHB Alexis Gallegos
|
0-0: Swinging Strike 0-1: SINGLE (Groundball, 56S, EV 75.0 MPH) (infield hit) Josh Simmons scores Logan Strassburg to third Vinnie Kalman to second
|
Batting: RHB Masahito Sunada
|
0-0: Swinging Strike 0-1: Ball 1-1: Swinging Strike 1-2: Foul Ball, location: 2F 1-2: Strikes out looking
|
Bottom of the 4th over - 1 run, 3 hits, 0 errors, 3 left on base; Coastal Carolina University 0 - Mississippi State University 2 |
TOP OF THE 5TH |
Coastal Carolina University Chanticleers batting - Pitching for Mississippi State University Bulldogs : LHP Josh Doyle
|
Now at C: Chris Everett
|
|
Now at 2B: Alvin Abarca
|
|
Now at SS: Josh Stene
|
|
Batting: LHB Justin Sanders
|
0-0: Called Strike 0-1: Ball 1-1: Called Strike 1-2: Strikes out swinging
|
Batting: RHB Fernando Tovar
|
0-0: Ball 1-0: Called Strike 1-1: Foul Ball, location: 2F 1-2: Ball 2-2: Strikes out swinging
|
Batting: RHB Ferri Casteleijn
|
0-0: Ball 1-0: Bunted foul 1-1: Called Strike 1-2: Strikes out swinging
|
Top of the 5th over - 0 runs, 0 hits, 0 errors, 0 left on base; Coastal Carolina University 0 - Mississippi State University 2 |
BOTTOM OF THE 5TH |
Mississippi State University Bulldogs batting - Pitching for Coastal Carolina University Chanticleers : LHP Rocco Calvocoressi
|
Pitching: LHP David Medina
|
|
Now at C: Jeremy Stockwell
|
|
Now at 1B: Justin Klein
|
|
Now in LF: Tristan Williams
|
|
Now in CF: Iher Waithaka
|
|
Now in RF: Ramelan Nasution
|
|
Pinch Hitting: RHB Bill Petipas
|
0-0: Ground out 6-3 (Groundball, 6, EV 80.6 MPH)
|
Batting: RHB Karl Lukasiewicz
|
0-0: Called Strike 0-1: Called Strike 0-2: Ball 1-2: Ball 2-2: Foul Ball, location: 2F 2-2: Strikes out looking
|
Batting: RHB Alvin Abarca
|
0-0: Ball 1-0: Foul Ball, location: 2F 1-1: Foul Ball, location: 2F 1-2: Ball 2-2: Ball 3-2: Foul Ball, location: 2F 3-2: SINGLE (Groundball, 34S, EV 86.9 MPH) (infield hit)
|
Batting: LHB Ricardo Ramos
|
0-0: Ball 1-0: Swinging Strike 1-1: Ball 2-1: SINGLE (Groundball, 23, EV 70.0 MPH) (infield hit) Alvin Abarca to second
|
Batting: RHB Logan Strassburg
|
0-0: Ball 1-0: Foul Ball, location: 2F 1-1: Foul Ball, location: 2F 1-2: SINGLE (Flyball, 78S, EV 95.0 MPH) Alvin Abarca to third Ricardo Ramos to second
|
Batting: LHB Vinnie Kalman
|
0-0: Ball 1-0: Ball 2-0: SINGLE (Line Drive, 56D, EV 100.0 MPH) Alvin Abarca scores Ricardo Ramos to third Logan Strassburg to second Runner from 3rd tries for Home, SAFE, throw by LF to home
|
Batting: RHB Josh Stene
|
0-0: Foul Ball, location: 2F 0-1: Called Strike 0-2: Ball 1-2: Foul Ball, location: 3F, Error on foul ball, E3 1-2: Strikes out swinging
|
Bottom of the 5th over - 2 runs, 4 hits, 1 error, 2 left on base; Coastal Carolina University 0 - Mississippi State University 4 |
TOP OF THE 6TH |
Coastal Carolina University Chanticleers batting - Pitching for Mississippi State University Bulldogs : LHP Josh Doyle
|
Pitching: RHP Alex Palacios
|
|
Now at 1B: Benjamin Alderdice
|
|
Pinch Hitting: RHB Tatsunori Ishigaki
|
0-0: Ball 1-0: Ball 2-0: Ball 3-0: Base on Balls
|
Batting: LHB Ramelan Nasution
|
0-0: Ball 1-0: Called Strike Tatsunori Ishigaki steals 2nd, throwing error, E2 Tatsunori Ishigaki to third 1-1: Called Strike 1-2: Strikes out swinging
|
Pinch Hitting: LHB Tim Kirby
|
0-0: Ball 1-0: Swinging Strike 1-1: Foul Ball, location: 2F 1-2: Strikes out swinging
|
Batting: RHB Tristan Williams
|
0-0: Ground out 5-3 (Groundball, 56, EV 106.2 MPH)
|
Top of the 6th over - 0 runs, 0 hits, 1 error, 1 left on base; Coastal Carolina University 0 - Mississippi State University 4 |
BOTTOM OF THE 6TH |
Mississippi State University Bulldogs batting - Pitching for Coastal Carolina University Chanticleers : LHP David Medina
|
Pitching: RHP Steve Hewlett
|
|
Now at 3B: Tim Kirby
|
|
Now at SS: Tatsunori Ishigaki
|
|
Batting: RHB Chris Everett
|
0-0: Ball 1-0: Ball 2-0: Foul Ball, location: 2F 2-1: Ball 3-1: Ground out 6-3 (Groundball, 6, EV 83.1 MPH)
|
Batting: LHB Danny Shanahan
|
0-0: Called Strike 0-1: Ball 1-1: Swinging Strike 1-2: SINGLE (Groundball, 6D, EV 96.2 MPH)
|
Batting: RHB Benjamin Alderdice
|
0-0: Called Strike 0-1: Swinging Strike 0-2: Strikes out swinging Danny Shanahan steals 2nd base Batter strikes out.
|
Batting: RHB Karl Lukasiewicz
|
0-0: Fly out, F7 (Flyball, 78M, EV 72.5 MPH)
|
Bottom of the 6th over - 0 runs, 1 hit, 0 errors, 1 left on base; Coastal Carolina University 0 - Mississippi State University 4 |
TOP OF THE 7TH |
Coastal Carolina University Chanticleers batting - Pitching for Mississippi State University Bulldogs : RHP Alex Palacios
|
Pitching: RHP Salvatore Caraballo
|
|
Batting: LHB Justin Kaller
|
0-0: Ball 1-0: Fly out, F9 (Flyball, 9LS, EV 85.0 MPH)
|
Batting: SHB Iher Waithaka
|
0-0: Ball 1-0: Swinging Strike 1-1: Swinging Strike 1-2: Ball 2-2: Strikes out swinging
|
Pinch Hitting: LHB Milo Karadzic
|
0-0: Foul Ball, location: 2F 0-1: Foul Ball, location: 2F 0-2: Ball 1-2: Foul Ball, location: 2F 1-2: Ball 2-2: Foul Ball, location: 2F 2-2: Ball 3-2: Ground out 3-1 (Groundball, 34, EV 94.4 MPH)
|
Top of the 7th over - 0 runs, 0 hits, 0 errors, 0 left on base; Coastal Carolina University 0 - Mississippi State University 4 |
BOTTOM OF THE 7TH |
Mississippi State University Bulldogs batting - Pitching for Coastal Carolina University Chanticleers : RHP Steve Hewlett
|
Now at 1B: Milo Karadzic
|
|
Now at 2B: Mike Grogan
|
|
Batting: RHB Alvin Abarca
|
0-0: Ground out 5-3 (Groundball, 56, EV 98.1 MPH)
|
Batting: LHB Ricardo Ramos
|
0-0: Fly out, F7 (Flyball, 7, EV 95.0 MPH)
|
Batting: RHB Logan Strassburg
|
0-0: Called Strike 0-1: Ball 1-1: Called Strike 1-2: SINGLE (Groundball, 25, EV 73.1 MPH) (infield hit)
|
Batting: LHB Vinnie Kalman
|
0-0: Ball Logan Strassburg is caught stealing 2nd base 2-6
|
Bottom of the 7th over - 0 runs, 1 hit, 0 errors, 0 left on base; Coastal Carolina University 0 - Mississippi State University 4 |
TOP OF THE 8TH |
Coastal Carolina University Chanticleers batting - Pitching for Mississippi State University Bulldogs : RHP Salvatore Caraballo
|
Pitching: RHP Tony Renteria
|
|
Batting: LHB Jeremy Stockwell
|
0-0: Called Strike 0-1: Ball 1-1: Swinging Strike 1-2: Strikes out looking
|
Batting: RHB Mike Grogan
|
0-0: Swinging Strike 0-1: Called Strike 0-2: Ball 1-2: Ball 2-2: Ground out 5-3 (Groundball, 5, EV 106.2 MPH)
|
Batting: RHB Tatsunori Ishigaki
|
0-0: Ball 1-0: Foul Ball, location: 2F 1-1: Foul Ball, location: 2F 1-2: Ball 2-2: Ball 3-2: Base on Balls
|
Batting: LHB Ramelan Nasution
|
0-0: Swinging Strike 0-1: Ball 1-1: Swinging Strike 1-2: Strikes out swinging
|
Top of the 8th over - 0 runs, 0 hits, 0 errors, 1 left on base; Coastal Carolina University 0 - Mississippi State University 4 |
BOTTOM OF THE 8TH |
Mississippi State University Bulldogs batting - Pitching for Coastal Carolina University Chanticleers : RHP Steve Hewlett
|
Pitching: RHP Pedro Magdaleno
|
|
Batting: LHB Vinnie Kalman
|
0-0: Ball 1-0: Ball 2-0: Called Strike 2-1: SINGLE (Line Drive, 6D, EV 100.0 MPH)
|
Batting: RHB Josh Stene
|
0-0: Called Strike 0-1: Swinging Strike 0-2: Foul Ball, location: 2F 0-2: Ball 1-2: Foul Ball, location: 2F 1-2: Ball 2-2: Ball 3-2: Base on Balls Vinnie Kalman to second
|
Batting: RHB Chris Everett
|
0-0: Called Strike 0-1: Swinging Strike 0-2: Foul Ball, location: 2F 0-2: Strikes out swinging
|
Batting: LHB Danny Shanahan
|
0-0: Called Strike 0-1: Ball 1-1: Ball 2-1: 3-RUN HOME RUN (Flyball, 8RXD, EV 108.8 MPH), Distance : 439 ft
|
Batting: RHB Benjamin Alderdice
|
0-0: Ball 1-0: Called Strike 1-1: Ball 2-1: Called Strike 2-2: Foul Ball, location: 2F 2-2: Strikes out swinging
|
Batting: RHB Karl Lukasiewicz
|
0-0: Called Strike 0-1: Ball 1-1: Called Strike 1-2: Foul Ball, location: 2F 1-2: Strikes out swinging
|
Bottom of the 8th over - 3 runs, 2 hits, 0 errors, 0 left on base; Coastal Carolina University 0 - Mississippi State University 7 |
TOP OF THE 9TH |
Coastal Carolina University Chanticleers batting - Pitching for Mississippi State University Bulldogs : RHP Tony Renteria
|
Pitching: LHP Tony Herrera
|
|
Pinch Hitting: RHB I-po Lin
|
0-0: Swinging Strike 0-1: Called Strike 0-2: Foul Ball, location: 2F 0-2: Ball 1-2: Ball 2-2: Strikes out looking
|
Batting: RHB Tristan Williams
|
0-0: Ball 1-0: Ball 2-0: Foul Ball, location: 2F 2-1: Ball 3-1: Base on Balls
|
Batting: LHB Justin Kaller
|
0-0: Ball Wild Pitch! Tristan Williams to second 1-0: Ball 2-0: Called Strike 2-1: Fly out, F4 (Line Drive, 4M, EV 64.4 MPH)
|
Batting: SHB Iher Waithaka
|
0-0: Ball 1-0: Called Strike 1-1: Foul Ball, location: 2F 1-2: Strikes out swinging
|
Top of the 9th over - 0 runs, 0 hits, 0 errors, 1 left on base; Coastal Carolina University 0 - Mississippi State University 7 |
|